 Dungeon Crawl Stone Soup version 0.28-a0-563-gf77a47075d (webtiles) character file.

Game seed: 5642884991685764429

17 Zenkrye the Skirmisher (level 2, -2/25 HPs)
             Began as a Palentonga Abyssal Knight on Sept 29, 2021.
             Was a Follower of Lugonu.
             Frozen to death by an endoplasm (5 damage)
             ... on level 1 of the Dungeon.
             The game lasted 00:00:56 (286 turns).

Zenkrye the Skirmisher (Palentonga Abyssal Knight)   Turns: 286, Time: 00:00:56

Health: -2/25      AC:  4    Str: 16    XL:     2   Next: 44%
Magic:  3/3        EV:  9    Int: 10    God:    Lugonu [*.....]
Gold:   10         SH:  0    Dex: 10    Spells: 1/1 levels left

rFire   . . .      SeeInvis +   f - +0 flail
rCold   . . .      Faith    .   (no shield)
rNeg    . . .      Spirit   .   b - +0 leather armour
rPois   .          Reflect  .   (no helmet)
rElec   .          Harm     .   (no cloak)
rCorr   .          Rampage  .   (no gloves)
Will    .....                   (no barding)
Stlth   +.........              (no amulet)
HPRegen 0.08/turn               (no ring)
MPRegen 0.08/turn               (no ring)

@: no status effects
A: large, rugged brown scales 3, see invisible, deformed body, roll 1, armoured
tail
a: Rolling Charge, Renounce Religion, Depart the Abyss


You were on level 1 of the Dungeon.
You worshipped Lugonu.
Lugonu was aware of your devotion.
You visited 1 branch of the dungeon, and saw 1 of its levels.
You visited the Abyss 1 time.

You collected 10 gold pieces.

Inventory:

Hand Weapons
 a - a +1 mace
 c - a +0 hunting sling {@w2}
 f - a +0 flail (weapon)
Armour
 b - a +0 leather armour (worn)
Scrolls
 e - 2 scrolls of fog {unknown}
 g - a scroll of magic mapping {unknown}
 h - a scroll of blinking {unknown}
Potions
 d - a potion of degeneration {unknown}


   Skills:
 - Level 3.1 Fighting
 + Level 2.3 Maces & Flails
 - Level 1.7 Armour
 - Level 1.0 Dodging
 + Level 2.4 Invocations


You had one spell level left.
You didn't know any spells.
Your spell library was empty.

Dungeon Overview and Level Annotations

Branches:
Dungeon (1/15)

Altars:


Innate Abilities, Weirdness & Mutations

You are completely covered in rugged brown scales. (AC +3, +7% HP)
You have supernaturally acute eyesight. (SInv)
Armour fits poorly on your strangely shaped body.
You can roll at nearby foes to attack.
You have a long armoured tail.


Message History

You barely miss the frilled lizard.
The frilled lizard is heavily wounded.
The frilled lizard bites you but does no damage.
You miss the frilled lizard.
The frilled lizard is heavily wounded.
The frilled lizard closely misses you.
The frilled lizard hisses.
The frilled lizard bites you.
* * * LOW HITPOINT WARNING * * *
You barely miss the frilled lizard.
The frilled lizard is heavily wounded.
The frilled lizard misses you.
You hit the frilled lizard but do no damage.
The frilled lizard is heavily wounded.
The frilled lizard barely misses you.
You closely miss the frilled lizard.
Your tail-slap misses the frilled lizard.
The frilled lizard is heavily wounded.
The frilled lizard bites you but does no damage.
You barely miss the frilled lizard.
Your tail-slap misses the frilled lizard.
The frilled lizard is heavily wounded.
The frilled lizard bites you but does no damage. x2
You miss the frilled lizard.
The frilled lizard is heavily wounded.
The frilled lizard bites you.
* * * LOW HITPOINT WARNING * * *
You thump the frilled lizard!
You kill the frilled lizard!
Lugonu accepts your kill. The endoplasm barely misses you.
You hit the endoplasm.
The endoplasm is lightly wounded.
The endoplasm hits you but does no damage.
You barely miss the endoplasm.
The endoplasm is lightly wounded.
The endoplasm jiggles.
The endoplasm freezes you.
You are frozen.
You die...

#.##############.#
#.#............#.#..
#.#.##########.#.#.#
#.#.#..........#.#.#
#.#.#.#....#####.#.#####
#.#...+..........#.....##
#†###+#....#######.......
#.##........####.#.....#
#>.+........'@J.......#
#.##........#####....##
#.##........+...J....#
#.##........###......#
####.###+####### #......#
#........####### #......#
#............... .......#
........................#
.#######'#######+####...#


You could see an endoplasm.

Vanquished Creatures
  A gnoll (D:1)
  2 endoplasms (D:1)
  A giant cockroach (D:1)
  A goblin (D:1)
  A frilled lizard (D:1)
  2 rats (D:1)
8 creatures vanquished.

Notes
Turn   | Place    | Note
-------+----------+-------------------------------------------
     0 | Abyss:1  | Zenkrye the Palentonga Abyssal Knight began the quest for
                  | the Orb.
     0 | Abyss:1  | Reached XP level 1. HP: 19/19 MP: 2/2
     1 | Abyss:1  | Found a corrupted altar of Lugonu.
    22 | D:1      | Escaped the Abyss
    49 | D:1      | Reached skill level 1 in Dodging
    49 | D:1      | Reached XP level 2. HP: 15/25 MP: 3/3
   286 | D:1      | Frozen to death by an endoplasm

Illustrated notes

Levels and vault maps discovered:
D:1:      roderic_octagonal_star, layout_basic, ebering_ecumenical_altar_hall,
          chequers_serial_rivers_large_a

Skill      XL: |  1 |
---------------+----+-----
Dodging        | 1 |  1.0
Fighting       | |  3.1
Maces & Flails | |  2.3
Armour         | |  1.7
Invocations    | |  2.4

Action                   || total
-------------------------++-------
Melee: Mace              ||     6
       Tailslap          ||     3
       Flail             ||    28
 Abil: Rolling Charge    ||     2
Armor: Leather armour    ||    12
Dodge: Dodged            ||    14

Table legend: (Time is in decaauts)
 A = Elapsed time spent in this place.
 B = Non-inter-level travel time spent in this place.
 C = Inter-level travel time spent in this place.
 D = Time resting spent in this place.
 E = Time spent auto-exploring this place.
 F = Levels seen in this place.
 G = Mean time per level.
                   A        B        C        D        E       F      G
               +--------+--------+--------+--------+--------+-----+--------+
         Total |    294 |    294 |      0 |    113 |     96 |   2 |  147.0 |
       Dungeon |    272 |    272 |      0 |    113 |     95 |   1 |  272.0 |
         Abyss |     22 |     22 |      0 |      0 |      1 |   1 |   22.0 |
               +--------+--------+--------+--------+--------+-----+--------+

Top non-repeatable levels by time:
     D:1: 272 daAuts
 Abyss:1: 22 daAuts
